 Dungeon Crawl Stone Soup version 0.19.4-8-ga85b6b9 (webtiles) character file.

7594 Gargoyl the Cleaver (level 11, -2/92 HPs)
             Began as a Ghoul Abyssal Knight on Feb 8, 2017.
             Was a High Priest of Lugonu.
             Slain by a catoblepas (6 damage)
             ... on level 8 of the Dungeon.
             The game lasted 00:27:12 (8942 turns).

Gargoyl the Cleaver (Ghoul Abyssal Knight)          Turns: 8942, Time: 00:27:12

Health: -2/92      AC: 19    Str: 18    XL:     11   Next: 17%
Magic:  16/16      EV:  2    Int:  7    God:    Lugonu [*****.]
Gold:   807        SH:  0    Dex: 10    Spells: 0 memorised, 10 levels left

rFire  . . .     SeeInvis +     r - +1 war axe
rCold  + . .     Gourm    .     y - +0 plate armour
rNeg   + + +     Faith    .     q - +0 buckler
rPois  ∞         Spirit   .     l - +2 helmet
rElec  .         Reflect  .     i - +0 cloak
rCorr  .         Harm     .     b - +0 pair of gloves
MR     .....                    (no boots)
Stlth  ..........               n - amulet of regeneration
                                m - ring of see invisible
                                d - +2 ring of evasion

@: petrified, rotting
A: rotting body, claws 1, carnivore 3, cold resistance 1, negative energy
resistance 3, slow regeneration 1, torment resistance, unbreathing
a: Depart the Abyss, Bend Space, Banish, Corrupt, Enter the Abyss, Renounce
Religion


You were on level 8 of the Dungeon.
You worshipped Lugonu.
Lugonu was extremely pleased with you.
You were not hungry.

You visited 1 branch of the dungeon, and saw 9 of its levels.
You visited the Abyss 1 time.
You also visited: Bailey.

You collected 807 gold pieces.

Inventory:

Hand Weapons
 j - a +1 hand axe of flaming
 r - a +1 war axe (weapon)
 t - a +0 war axe
Missiles
 o - 70 tomahawks of returning (quivered)
Armour
 b - a +0 pair of gloves (worn)
 i - a +0 cloak (worn)
 l - a +2 helmet (worn)
 q - a +0 buckler (worn)
 y - a +0 plate armour (worn)
Jewellery
 d - a +2 ring of evasion (left hand)
 m - a ring of see invisible (right hand)
 n - an amulet of regeneration (around neck)
Scrolls
 a - a scroll of enchant armour
 g - 2 scrolls of teleportation
Potions
 e - a potion of might
 h - a potion of flight
 k - 3 potions of curing
 w - a potion of haste
 x - 4 potions of magic {unknown}
 A - a potion of cure mutation {unknown}
Books
 u - a book of Cantrips

   Spells                             Type                      Level
   a - Confusing Touch                Hexes                        1
   b - Animate Skeleton               Necromancy                   1
   c - Summon Small Mammal            Summoning                    1
   d - Apportation                    Translocation                1
Comestibles
 c - 4 meat rations
 f - 2 slices of pizza


   Skills:
 + Level 7.4 Fighting
 + Level 9.3 Axes
 + Level 0.6 Throwing
 * Level 8.0 Armour
 + Level 3.3 Dodging
 + Level 3.0 Shields
 * Level 8.1 Invocations


You had 10 spell levels left.
You didn't know any spells.

Dungeon Overview and Level Annotations

Branches:
Dungeon (9/15)             Temple (0/1) D:4            Lair (0/6) D:9
    Orc: D:9-12

Altars:
Elyvilon
Kikubaaqudgha
Okawaru

Shops:
D:8 *

Annotations:
D:5 Dickchan's ghost, amateur HOFi


Innate Abilities, Weirdness & Mutations

Your body is rotting away.
You thrive on raw meat.
You are immune to poison.
You have sharp fingernails.
You are carnivorous and can eat meat at any time.
Your flesh is cold resistant. (rC+)
You are immune to negative energy. (rN+++)
You regenerate slowly when monsters are visible.
You are immune to unholy pain and torment.
You can survive without breathing.


Message History

The orc wizard casts a spell.
The orc wizard blinks!
The catoblepas gores you!
* * * LOW HITPOINT WARNING * * *
The orc wizard hits you but does no damage.
The orc wizard gestures at you while chanting.
The magic dart hits you!
The catoblepas breathes a plume of calcifying dust at you.
The blast of calcifying dust hits you!
* * * LOW HITPOINT WARNING * * *
You are engulfed in calcifying dust.
The catoblepas gores you.
* * * LOW HITPOINT WARNING * * *
The orc wizard casts a spell at you.
You easily resist.
You are engulfed in calcifying dust.
The orc wizard barely misses you.
The orc wizard hits you but does no damage.
The catoblepas gores you but does no damage.
You are engulfed in calcifying dust.
The orc wizard hits you but does no damage. x2
The catoblepas gores you!
You die...

###..####.#.# #.........'(P.P
#)........#######.........#)..(
#.#####.#.......#.........#...D
#.# #.#.#######.........#P.P.
#.# #...##########'##########
#.# ##..##>...#....# #)#
#..##.)..#.⌠..# #)#
#...#..oY#(W⌠.# ###)#
#.###..@o(....# ....## #.#
########### . ##.#.#####.### ..
#.###........# ...#.#####.###
###........# ##.####### #.# #.#


You could see a catoblepas, a hungry ghost (wandering) and 2 orc wizards.

Vanquished Creatures
  A hill giant (D:8)
  Pikel (D:7)
  A manticore (D:8)
  A hornet (D:9)
  A yak (D:9)
  A wyvern (D:8)
  A steam dragon (D:9)
  2 hungry ghosts (D:7)
  Menkaure (D:6)
  A mottled dragon (D:8)
  Edmund (D:6)
  A water moccasin (D:6)
  4 orc warriors
  6 sky beasts
  3 ogres
  A black bear (D:8)
  An eye of draining (D:8)
  A phantom (D:9)
  5 centaurs
  2 crocodiles
  3 big kobolds
  A gnoll sergeant (D:5)
  3 bullfrogs
  A water moccasin zombie (D:6)
  4 scorpions
  3 killer bees (D:8)
  A howler monkey (D:4)
  5 crimson imps
  A centaur zombie (D:5)
  A bullfrog zombie (D:9)
  A gnoll shaman (D:3)
  2 hounds
  4 orc priests
  12 orc wizards
  2 jellies
  A bullfrog skeleton (D:8)
  2 centaur skeletons
  An iguana (D:7)
  9 worker ants
  A killer bee zombie (D:8)
  A hound skeleton (D:8)
  25 gnolls
  8 adders
  A howler monkey skeleton (D:4)
  3 river rats (D:9)
  An ooze (D:3)
  An adder zombie (D:6)
  An adder skeleton (D:5)
  2 worms
  4 dart slugs
  6 leopard geckos
  48 orcs
  2 giant cockroaches (D:6)
  14 hobgoblins
  11 jackals
  2 quokkas
  12 bats
  A frilled lizard (D:3)
  8 goblins
  40 kobolds
  A quokka zombie (D:6)
  8 rats
294 creatures vanquished.

Vanquished Creatures (others)
  A fire dragon (D:9)
  A centaur (D:7)
  A scorpion (D:6)
  An orc wizard (D:8)
  A bush (D:8)
  6 fungi (D:9)
  A plant (D:9)
12 creatures vanquished.

Grand Total: 306 creatures vanquished

Notes
Turn   | Place    | Note
-------+----------+-------------------------------------------
     0 | Abyss:1  | Gargoyl the Ghoul Abyssal Knight began the quest for the Orb.
     0 | Abyss:1  | Reached XP level 1. HP: 19/19 MP: 1/1
     2 | Abyss:1  | Found an iron altar of Okawaru.
    54 | Abyss:2  | Noticed a worldbinder
    56 | Abyss:2  | Noticed an orc priest
    56 | Abyss:2  | Noticed a warg
    56 | D:1      | Escaped the Abyss
   428 | D:1      | Reached XP level 2. HP: 24/24 MP: 2/2
   448 | D:1      | Reached skill level 1 in Dodging
   567 | D:1      | Reached * piety under Lugonu
   717 | D:1      | Reached skill level 2 in Axes
  1169 | D:2      | Reached XP level 3. HP: 24/32 MP: 3/3
  1781 | D:3      | Reached XP level 4. HP: 18/40 MP: 3/5
  1825 | D:3      | Found a white marble altar of Elyvilon.
  1847 | D:3      | Noticed a sky beast
  1876 | D:3      | Killed a sky beast
  1876 | D:3      | Reached skill level 3 in Axes
  1876 | D:3      | Reached XP level 5. HP: 14/46 MP: 6/6
  2427 | D:4      | Reached XP level 6. HP: 43/52 MP: 7/7
  2511 | D:4      | Found a staircase to the Ecumenical Temple.
  2811 | D:4      | Found an iron altar of Okawaru.
  2884 | D:3      | Reached ** piety under Lugonu
  2911 | D:3      | Reached XP level 7. HP: 29/59 MP: 8/8
  3037 | D:4      | Reached skill level 4 in Axes
  3187 | D:5      | Entered Level 5 of the Dungeon
  3488 | D:5      | Noticed Dickchan's ghost (amateur HOFi)
  3490 | D:6      | Noticed Edmund
  3543 | D:6      | Killed Edmund
  3543 | D:6      | Reached skill level 5 in Axes
  3543 | D:6      | Reached XP level 8. HP: 34/67 MP: 10/10
  3985 | D:5      | Reached skill level 1 in Shields
  4021 | D:5      | Reached skill level 5 in Armour
  4318 | D:6      | Reached *** piety under Lugonu
  4375 | D:6      | Reached skill level 5 in Fighting
  4518 | D:6      | Reached skill level 6 in Axes
  4518 | D:6      | Reached skill level 5 in Invocations
  4762 | D:6      | Reached XP level 9. HP: 72/74 MP: 11/11
  4902 | D:6      | Noticed Menkaure
  4919 | D:6      | Killed Menkaure
  4984 | D:6      | Reached **** piety under Lugonu
  5535 | D:7      | Found an ancient bone altar of Kikubaaqudgha.
  5623 | D:7      | Reached skill level 7 in Axes
  5951 | D:7      | Noticed Pikel
  5986 | D:7      | Killed Pikel
  6505 | D:8      | Reached XP level 10. HP: 26/82 MP: 12/14
  6669 | D:8      | Found Lomidil's General Store.
  6775 | D:8      | Reached skill level 8 in Axes
  6827 | D:8      | Reached ***** piety under Lugonu
  7488 | D:9      | Noticed a hill giant
  7549 | D:8      | Killed a hill giant
  7831 | D:9      | Found a flagged portal.
  7838 | Bailey   | Entered a bailey
  8343 | D:8      | Noticed a manticore
  8361 | D:8      | Killed a manticore
  8447 | D:8      | Reached ****** piety under Lugonu
  8471 | D:8      | Reached skill level 9 in Axes
  8475 | D:8      | Reached XP level 11. HP: 64/92 MP: 15/15
  8544 | D:8      | Noticed a catoblepas
  8545 | D:8      | Noticed a fire dragon
  8576 | D:9      | Banished a fire dragon
  8751 | D:9      | HP: 4/92 [something (7)]
  8940 | D:8      | HP: 4/92 [catoblepas (1)]
  8942 | D:8      | Slain by a catoblepas

Skill      XL: |  1  2  3  4  5  6  7  8  9 10 11 |
---------------+----------------------------------+-----
Dodging        | 1 2 3 |  3.3
Armour         | 2 3 4 5 6 7 8 |  8.0
Axes           | 2 3 5 6 7 9 |  9.3
Invocations    | 3 4 5 6 7 8 |  8.1
Fighting       | 4 5 6 7 |  7.4
Shields        | 1 2 3 |  3.0
Throwing       | |  0.6

Action                   |  1- 3 |  4- 6 |  7- 9 | 10-12 || total
-------------------------+-------+-------+-------+-------++-------
Melee: Hand axe          |   127 |    79 |       |       ||   206
       War axe           |       |    50 |   553 |   500 ||  1103
Throw: Tomahawk          |       |       |     8 |     4 ||    12
Invok: Depart the Abyss  |     1 |       |       |       ||     1
       Banish            |       |       |       |     1 ||     1
  Use: Scroll            |     2 |     3 |     5 |     5 ||    15
       Potion            |       |     2 |     6 |     4 ||    12
 Stab: Invisible         |       |       |     1 |       ||     1
  Eat: Chunk             |    11 |    21 |    56 |   104 ||   192
Armor: Leather armour    |    22 |       |       |       ||    22
       Chain mail        |    12 |    90 |   389 |   356 ||   847
       Plate armour      |       |       |       |    11 ||    11
Dodge: Dodged            |   114 |    59 |   300 |   367 ||   840
Block: Buckler           |       |     9 |    87 |   146 ||   242
